 Dungeon Crawl Stone Soup version 0.30-a0-242-g7bf8e6d787 (webtiles) character file.

Game seed: 9510092583109715701

895 blackman the Carver (level 8, -1/56 (58) HPs)
             Began as a Human Delver on Oct 12, 2022.
             Was an Elder of Elyvilon.
             Slain by a wight
             ... wielding a +5 trident of freezing
              (5 damage)
             ... on level 5 of the Dungeon.
             The game lasted 00:09:24 (4112 turns).

blackman the Carver (Human Delver)                  Turns: 4112, Time: 00:09:24

HP:   -1/56 (58)    AC:  7    Str: 19    XL:     8   Next: 27%
MP:   8/8           EV: 10    Int: 11    God:    Elyvilon [****..]
Gold: 229           SH:  0    Dex: 16    Spells: 7/7 levels left

rFire   . . .      SeeInvis .    p - +3 morningstar (freeze)
rCold   . . .      Faith    .    (no shield)
rNeg    . . .      Spirit   .    l - +0 scale mail
rPois   +          Reflect  .    (no helmet)
rElec   .          Harm     .    (no cloak)
rCorr   .          Rampage  .    (no gloves)
Will    .....                    k - +0 pair of boots
Stlth   ++........               (no amulet)
HPRegen 0.29/turn                j - +6 ring of strength
MPRegen 0.11/turn                x - ring of poison resistance

@: lightly drained
A: no striking features
a: Renounce Religion, Purification, Heal Other, Heal Self


You were on level 5 of the Dungeon.
You worshipped Elyvilon.
Elyvilon was greatly pleased with you.
You visited 1 branch of the dungeon, and saw 5 of its levels.

You collected 229 gold pieces.

Inventory:

Hand Weapons
 a - a +0 falchion
 p - a +3 morningstar of freezing (weapon)
Missiles
 e - 14 poisoned darts (quivered)
Armour
 b - a +0 leather armour
 k - a +0 pair of boots (worn)
 l - a +0 scale mail (worn)
Jewellery
 j - a +6 ring of strength (left hand)
 q - a ring of ice
 u - a ring of protection from cold
 x - a ring of poison resistance (right hand)
Wands
 g - a wand of digging (3)
 t - a wand of flame (6)
Scrolls
 c - a scroll of fog
 d - a scroll of vulnerability {unknown}
 i - 3 scrolls of noise {unknown}
 n - 3 scrolls of identify {unknown}
 o - 5 scrolls of teleportation {unknown}
 s - 3 scrolls of magic mapping
 v - a scroll of amnesia {unknown}
Potions
 f - a potion of haste
 h - a potion of mutation {unknown}
 m - a potion of lignification
 r - 2 potions of flight


   Skills:
 - Level 3.0 Fighting
 + Level 9.2 Long Blades
 - Level 2.0 Dodging
 - Level 5.0 Stealth


You had 7 spell levels left.
You didn't know any spells.
Your spell library contained the following spells:

 Spells                   Type           Power      Damage    Failure   Level
 Kiss of Death            Conj/Necr      0%         2d5       75%         1
 Slow                     Hex            0%         N/A       75%         1
 Animate Dead             Necr           0%         N/A       100%        4
 Death Channel            Necr           0%         N/A       100%        6
 Simulacrum               Ice/Necr       0%         N/A       100%        6


Dungeon Overview and Level Annotations

Branches:
Dungeon (5/15)
 Temple: D:4-7

Altars:
Elyvilon

Shops:
D:5 :


Message History

No target in view!
No target in view!
No target in view!
No target in view!
No target in view!
No target in view!
No target in view!
No target in view!
No target in view!
Key pressed, stopping explore.
Things that are here:
a +3 short sword; a +0 robe 2 wights come into view.
A wight is wielding a +5 trident of freezing.
Found a stone staircase leading down.
There are monsters nearby!
There is an open door here.
You see here a +0 robe.
The wight hits you with a +5 trident of freezing!
The wight freezes you.
You see here a +0 robe.
You completely miss the wight.
The wight hits you with a +5 trident of freezing!
The wight freezes you.
You hit the wight.
The wight is lightly damaged.
The wight hits you with a +5 trident of freezing!
The wight freezes you.
The wight hits you with a +5 trident of freezing!
* * * LOW HITPOINT WARNING * * *
You feel drained.
* * * LOW HITPOINT WARNING * * *
The wight freezes you.
* * * LOW HITPOINT WARNING * * *
You closely miss the wight.
The wight is lightly damaged.
The wight hits you with a +5 trident of freezing!
Elyvilon protects you from harm! The wight freezes you.
You die...

......###..###.##+##....#..#....#
#########..#...#...#....#..'....#
########...#...'...#....#..#....#
...........#...#...#....#..#....#
...........#######'#....#..#....#
########................#..###...
....#..#................#....'...
#...#..#................#....#...
#..##..#........@.......##..##...
#..##..##########z...#+###..#....
........#.......'....#,,#...#....
#.......+.......#....#,,#...#....
#..##..######.###....######'#....
...##.†######.#................##
.........)....+................#,
#..##.........#................#,
#..##.........#................#,


You could see a wight.

Vanquished Creatures
  An ice beast (D:5)
  2 ogres
  A necrophage (D:4)
  3 scorpions
  2 wights (D:5)
  2 electric eels (D:3)
  A hound (D:5)
  An iguana (D:5)
  Jessica (D:3)
  Ijyb (D:3)
  4 adders
  2 worms
  2 dart slugs (D:3)
  An orc (D:4)
  6 endoplasms
  3 giant cockroaches
  9 goblins
  10 hobgoblins
  7 kobolds
  5 quokkas
  6 ball pythons
  3 bats
  2 frilled lizards
  3 rats
78 creatures vanquished.

Vanquished Creatures (others)
  8 plants (D:5)
8 creatures vanquished.

Grand Total: 86 creatures vanquished

Notes
Turn   | Place    | Note
-------+----------+-------------------------------------------
     0 | D:5      | blackman the Human Delver began the quest for the Orb.
     0 | D:5      | Reached XP level 1. HP: 18/18 MP: 1/1
    45 | D:5      | Found a white marble altar of Elyvilon.
    99 | D:5      | Became a worshipper of Elyvilon the Healer
   248 | D:5      | Noticed an ogre
   304 | D:5      | Found Gutsily's Tremendous Tomes.
   343 | D:4      | Got the Folio of Gloom
   363 | D:4      | Reached * piety under Elyvilon
   455 | D:2      | Reached skill level 3 in Long Blades
   455 | D:2      | Reached XP level 2. HP: 23/24 MP: 2/2
   752 | D:2      | Reached XP level 3. HP: 25/29 MP: 3/3
   787 | D:2      | Reached ** piety under Elyvilon
  1599 | D:3      | Reached skill level 4 in Long Blades
  1599 | D:3      | Reached XP level 4. HP: 35/35 MP: 4/4
  1640 | D:3      | Found a transporter.
  1677 | D:3      | Found a transporter.
  1739 | D:3      | Reached skill level 5 in Long Blades
  1739 | D:3      | Reached XP level 5. HP: 41/41 MP: 5/5
  1776 | D:3      | Noticed Jessica
  1786 | D:3      | Killed Jessica
  1819 | D:3      | Got Jessica's Guidebook on Charms
  2223 | D:3      | Reached XP level 6. HP: 47/47 MP: 6/6
  2310 | D:3      | Reached skill level 6 in Long Blades
  2629 | D:3      | Noticed Ijyb
  2634 | D:3      | Paralysed by Ijyb for 2 turns
  2647 | D:3      | Paralysed by Ijyb for 2 turns
  2649 | D:3      | Killed Ijyb
  3030 | D:4      | Reached *** piety under Elyvilon
  3276 | D:4      | Reached skill level 7 in Long Blades
  3276 | D:4      | Reached XP level 7. HP: 49/52 MP: 7/7
  3542 | D:5      | Reached skill level 8 in Long Blades
  3714 | D:5      | Reached XP level 8. HP: 44/58 MP: 8/8
  3941 | D:5      | Reached skill level 9 in Long Blades
  3971 | D:5      | Reached **** piety under Elyvilon
  4112 | D:5      | Elyvilon protects you from harm!
  4112 | D:5      | Slain by a wight

Illustrated notes

Levels and vault maps discovered:
D:1:      nzn_arrival_water_spiral, layout_basic
D:2:      layout_basic
D:3:      gammafunk_steamed_eel, layout_loops_ring, kennysheep_jessica_study,
          uniq_ijyb
D:4:      layout_basic
D:5:      layout_gridville, nicolae_elyvilon_temple_path,
          nicolae_shop_i_like_big_books

Skill      XL: |  1  2  3  4  5  6  7  8 |
---------------+-------------------------+-----
Long Blades    | 3 4 5 7 8 9 |  9.2
Fighting       | |  3.0
Dodging        | |  2.0
Stealth        | |  5.0

Action                   |  1- 3 |  4- 6 |  7- 9 || total
-------------------------+-------+-------+-------++-------
Melee: Falchion          |   136 |   137 |    39 ||   312
       Punch             |       |     5 |       ||     5
       Morningstar       |       |       |    27 ||    27
Throw: Dart              |       |     3 |     8 ||    11
       Throwing net      |       |     2 |     1 ||     3
Evoke: Wand              |       |     8 |    11 ||    19
  Use: Scroll            |     1 |     1 |       ||     2
       Potion            |       |     2 |       ||     2
 Stab: Sleeping          |     5 |     5 |     1 ||    11
       Held in net/web   |       |     2 |     1 ||     3
       Paralysed         |       |       |     5 ||     5
Armor: Leather armour    |    29 |       |       ||    29
       Scale mail        |    19 |    62 |    22 ||   103
       Skin              |       |     6 |       ||     6
Dodge: Dodged            |    57 |    64 |    28 ||   149

Table legend: (Time is in decaauts)
 A = Elapsed time spent in this place.
 B = Non-inter-level travel time spent in this place.
 C = Inter-level travel time spent in this place.
 D = Time resting spent in this place.
 E = Time spent auto-exploring this place.
 F = Levels seen in this place.
 G = Mean time per level.
                   A        B        C        D        E       F      G
               +--------+--------+--------+--------+--------+-----+--------+
         Total |   4147 |   4055 |     92 |    513 |   2403 |   5 |  829.4 |
       Dungeon |   4147 |   4055 |     92 |    513 |   2403 |   5 |  829.4 |
               +--------+--------+--------+--------+--------+-----+--------+

Top non-repeatable levels by time:
     D:3: 1408 daAuts
     D:5: 918 daAuts
     D:2: 671 daAuts
     D:4: 658 daAuts
     D:1: 491 daAuts
